AoeStats
← OmarGutieG

Arabia

504783955Analyzed
2v2 RM · 26d ago on Sep 6, 2026· 47m 59s· 4 players
Game mode
Random Map
Map size
Medium (4 player)
Population
200
Speed
Normal
Resources
Standard
Victory
Conquest
Starting age
Dark Age
Ending age
Imperial Age
RankedLock teamsTeams togetherTeam positionsShared explorationLock speedFull tech treeHidden civsTurbo modeCheats
Victory
Defeat
🇲🇦 Franks · Morocco
1400
+11
🇲🇦 Ethiopians · Morocco
1253
+17
🇲🇽 Magyars · Mexico
1283
-14
🇲🇽 Ethiopians · Mexico
1272
-14
armigame1
6:07 Loom
9:27 Feudal Age
24:52 Castle Age
24:28 Bloodlines
24:39 Gold Mining
24:36 Double-Bit Axe
24:34 Horse Collar
25:35 Scale Barding Armor
38:46 Chain Barding Armor
39:43 Husbandry
45:25 Gold Shaft Mining
46:21 Wheelbarrow
49:44 Imperial Age
OmarGutieG
6:50 Loom
9:24 Feudal Age
15:41 Fletching
23:56 Castle Age
22:10 Gold Mining
23:29 Horse Collar
23:58 Padded Archer Armor
23:49 Double-Bit Axe
24:10 Crossbowman
24:59 Bodkin Arrow
26:37 Ballistics
28:07 Thumb Ring
30:58 Wheelbarrow
32:41 Town Watch
39:49 Heavy Plow
42:01 Hand Cart
45:00 Imperial Age
44:58 Leather Archer Armor
45:19 Arbalester
46:32 Ring Archer Armor
46:03 Bracer
ChO@s
5:29 Loom
5:49 Loom
9:28 Feudal Age
14:42 Town Watch
23:03 Castle Age
21:21 Double-Bit Axe
22:23 Scale Barding Armor
28:33 Fletching
33:34 Wheelbarrow
34:10 Husbandry
35:00 Forging
35:54 Chain Barding Armor
35:10 Light Cavalry
37:55 Gold Mining
39:13 Iron Casting
40:05 Hand Cart
40:14 Bodkin Arrow
44:34 Imperial Age
44:43 Cavalier
47:02 Plate Barding Armor
Rock_Bottom
6:47 Loom
9:22 Feudal Age
9:53 Double-Bit Axe
14:56 Fletching
22:20 Castle Age
20:54 Horse Collar
21:57 Stone Mining
24:32 Wheelbarrow
26:00 Crossbowman
26:46 Bodkin Arrow
31:54 Bow Saw
32:48 Heavy Plow
33:06 Padded Archer Armor
34:16 Gold Mining
36:23 Hand Cart
37:43 Leather Archer Armor
40:33 Imperial Age
39:05 Ballistics
39:47 Town Watch
41:19 Bracer
42:21 Chemistry
41:18 Arbalester
42:56 Ring Archer Armor
44:01 Thumb Ring
45:46 Gold Shaft Mining
45:46 Stone Shaft Mining
45:57 Conscription
47:03 Coinage
47:22 Masonry
48:28 Two-Man Saw
Connection lost

Rejoining the realm…

Still unreachable

The connection could not be restored.

Session expired

The server has moved on; the page needs a fresh start.